 Dungeon Crawl Stone Soup version 0.30-b1-2-g02819fbbbe (webtiles) character file.

Game seed: 15723502713613392100

89 Alarkh the Sneak (level 4, 19/35 HPs)
             Began as a Demonspawn Delver on May 22, 2023.
             Quit the game on level 5 of the Dungeon.
             The game lasted 00:00:32 (163 turns).

Alarkh the Sneak (Demonspawn Delver)                 Turns: 163, Time: 00:00:32

Health: 19/35      AC:  3    Str: 12    XL:     4   Next: 31%
Magic:  4/4        EV: 11    Int: 13    God:
Gold:   0          SH:  0    Dex: 15    Spells: 3/3 levels left

rFire   . .          .
                       - Unarmed
rCold   . . .        (no shield)
rNeg    . . .        a - +0 leather armour
rPois   .            (helmet restricted)
rElec   .            (no cloak)
rCorr   .            (no gloves)
SInv    .            (no boots)
Will    .....        (no amulet)
Stlth   +++          (no ring)
HPRegen 0.25/turn    (no ring)
MPRegen 0.09/turn

%: no passive effects
@: no status effects
A: antennae 1, foul stench 2
a: no special abilities


You were on level 5 of the Dungeon.
You visited 1 branch of the dungeon, and saw 1 of its levels.

Inventory:

Armour
 a - a +0 leather armour (worn)
Wands
 f - a wand of digging (3)
Scrolls
 b - a scroll of fog
 c - a scroll of magic mapping
 d - a scroll of fear
 e - a scroll of noise {unknown}


   Skills:
 - Level 3.0 Fighting
 - Level 1.7 Dodging
 - Level 4.5 Stealth
 + Level 4.2 Unarmed Combat


You had 3 spell levels left.
You didn't know any spells.
Your spell library was empty.

Dungeon Overview and Level Annotations

Branches:
Dungeon (5/15)
 Temple: D:4-7

Altars:


Innate Abilities, Weirdness & Mutations

You have a pair of small antennae on your head.
You sometimes emit foul miasma when damaged in melee.


Message History

The hound closely misses you.
You hit the hound.
You kill the hound!
You see here a hound corpse.
A hound comes into view.
The hound bites you.
You barely miss the hound. The hound misses you. The hound bites you.
You closely miss the hound. The hound closely misses you.
You barely miss the hound. The hound misses you.
You hit the hound.
The hound is lightly wounded.
The hound closely misses you. The hound bites you.
You hit the hound.
The hound is moderately wounded.
The hound bites you but does no damage.
You hit the hound but do no damage.
The hound is moderately wounded.
The hound bites you.
You miss the hound.
The hound is moderately wounded.
The hound closely misses you. The hound bites you.
You emit a cloud of foul miasma!
You hit the hound but do no damage.
The hound is moderately wounded.
The hound is engulfed in dark miasma.
The hound is poisoned.
The hound closely misses you.
You hit the hound.
The hound is severely wounded.
The hound is engulfed in dark miasma.
The hound looks even sicker.
The hound bites you.
The hound is engulfed in dark miasma.
The hound looks even sicker.
The hound misses you.
You closely miss the hound.
The hound is severely wounded.
The hound is engulfed in dark miasma.
The hound looks as sick as possible!
You kill the hound!
Your Unarmed Combat skill increases to level 4!
You have reached level 4!
You feel agile.
Your demonic ancestry asserts itself...
A pair of antennae grows on your head!
Are you sure you want to abandon this character and quit the game? (Confirm with "yes".)

........###### #.#
#.....#.# #.#
.#.####.########†####.#
......#...............#
#.....#######.######
#.##..##...........#
#.##.....####○####.#
#.##..#..........#
#.##..#...#..@.#.# ##
#.##..##..#.#..#.#
.###.##..##..#......
...#.##..##..###..###
.#.#.##..##.........
.#.#.#...##....#..##
##.#.#.#.##.......#
#................#
####.#.#......>...#


There were no monsters in sight!

Vanquished Creatures
  3 hounds (D:5)
3 creatures vanquished.

Notes
Turn   | Place    | Note
-------+----------+-------------------------------------------
     0 | D:5      | Alarkh the Demonspawn Delver began the quest for the Orb.
     0 | D:5      | Reached XP level 1. HP: 18/18 MP: 1/1
    70 | D:5      | Noticed a hound
    81 | D:5      | Killed a hound
    82 | D:5      | Gained mutation: You may rarely emit foul miasma when
                  | damaged in melee. [demonic ancestry]
    82 | D:5      | Reached XP level 2. HP: 19/24 MP: 2/2
    82 | D:5      | Gained mutation: You sometimes emit foul miasma when
                  | damaged in melee. [demonic ancestry]
    82 | D:5      | Reached XP level 3. HP: 23/29 MP: 3/3
   125 | D:5      | Noticed an ogre
   160 | D:5      | Gained mutation: You have a pair of small antennae on your
                  | head. [demonic ancestry]
   160 | D:5      | Reached XP level 4. HP: 18/35 MP: 4/4
   163 | D:5      | Quit the game

Illustrated notes

Levels and vault maps discovered:
D:5:      layout_basic, amethyst_overflow_temple_binary,
          hangedman_abyss_or_decor_lesser_grid

Skill      XL: |  1  2  3 |
---------------+----------+-----
Unarmed Combat | 3 4 |  4.2
Fighting       | |  3.0
Dodging        | |  1.7
Stealth        | |  4.5

Action                     |  1- 3 |  4- 6 || total
---------------------------+-------+-------++-------
  Melee: Unarmed           |    23 |       ||    23
    Use: Potion            |     2 |       ||     2
   Stab: Sleeping          |     1 |       ||     1
 Armour: Leather armour    |     2 |       ||     2
  Dodge: Dodged            |    18 |       ||    18
